 Dungeon Crawl Stone Soup version 0.21.0-3-g78d12a8 (webtiles) character file.

208408 inmateoo the Phalangite (level 18, -13/168 HPs)
             Began as a Minotaur Fighter on Jan 16, 2018.
             Was the Champion of the Shining One.
             Mangled by a juggernaut (50 damage)
             ... on level 2 of the Depths.
             The game lasted 00:47:33 (29321 turns).

inmateoo the Phalangite (Minotaur Fighter)         Turns: 29321, Time: 00:47:34

Health: -13/168    AC: 34    Str: 31    XL:     18   Next: 50%
Magic:  0/25       EV: 10    Int:  5    God:    the Shining One [******]
Gold:   129        SH: 18    Dex: 10    Spells: 15/17 levels left

rFire    + + +     SeeInvis .   W - +8 trishula (holy)
rCold    + + +     Gourm    .   P - +3 shield {reflect}
rNeg     + + +     Faith    .   y - +2 gold dragon scales
rPois    +         Spirit   +   p - +2 hat of the Bear Spirit {Spirit, +Rage rN+ MR++}
rElec    .         Reflect  +   c - +1 cloak {rC+}
rCorr    .         Harm     .   L - +2 pair of gloves "Janapine" {rC+}
MR       ++++.                  l - +1 pair of boots
Stlth    ..........             z - amulet of regeneration
HPRegen  0.78/turn              e - ring of protection from magic
MPRegen  0.19/turn              K - ring "Anem" {*Contam +Fly rF+++ rN+ Str+2}

@: glowing
A: retaliatory headbutt, horns 2
a: Divine Shield, Cleansing Flame, Summon Divine Warrior, Renounce Religion,
Evoke Berserk Rage, Evoke Flight


You were on level 2 of the Depths.
You worshipped the Shining One.
The Shining One was exalted by your worship.
You were not hungry.

You visited 6 branches of the dungeon, and saw 29 of its levels.
You also visited: Sewer, Ossuary and Ice Cave.

You collected 4553 gold pieces.
You spent 4424 gold pieces at shops.

Inventory:

Hand Weapons
 H - the +12 glaive of Prune {chop}
   (You found it on level 1 of the Lair of Beasts)

   It inflicts extra damage upon your enemies.
 V - the +9 glaive of Sin {speed, MR+}
   (You found it in an ice cave)

   Attacks with this weapon are significantly faster.
   It affects your resistance to hostile enchantments.
 W - a +8 trishula of holy wrath (weapon)
Armour
 c - a +1 cloak of cold resistance (worn)
 l - a +1 pair of boots (worn)
 p - the +2 hat of the Bear Spirit (worn) {Spirit, +Rage rN+ MR++}
   (You found it on level 3 of the Elven Halls)

   It protects you from negative energy.
   It affects your resistance to hostile enchantments.
   It lets you go berserk.
 y - +2 gold dragon scales (worn)
 L - the +2 pair of gloves "Janapine" (worn) {rC+}
   (You bought it in a shop on level 2 of the Orcish Mines)

   It protects you from cold.
 P - a +3 shield of reflection (worn)
Jewellery
 a - the ring "Yconoeth" {rC+ Int+3 Stlth+}
   (You bought it in a shop on level 1 of the Depths)

   [ring of stealth]

   It affects your intelligence (+3).
   It protects you from cold.
   It makes you more stealthy.
 e - a ring of protection from magic (left hand)
 i - the ring of Sarunkiane {+Inv rPois rN+ Str+2}
   (You took it off a deep elf sorcerer on level 3 of the Elven Halls)

   [ring of strength]

   It affects your strength (+2).
   It protects you from poison.
   It protects you from negative energy.
   It lets you turn invisible.
 z - an amulet of regeneration (around neck)
 A - an uncursed ring of see invisible
 K - the ring "Anem" (right hand) {*Contam +Fly rF+++ rN+ Str+2}
   (You found it on level 9 of the Dungeon)

   [ring of flight]

   It affects your strength (+2).
   It renders you almost immune to fire.
   It protects you from negative energy.
   It lets you fly.
   It causes magical contamination when unequipped.
Wands
 o - a wand of digging (3)
 F - a wand of polymorph (82)
 M - a wand of scattershot (4)
 N - a wand of enslavement (20)
 S - a wand of acid (3)
 T - a wand of iceblast (23)
 Y - a wand of flame (37)
Scrolls
 b - 16 scrolls of teleportation
 j - 7 scrolls of identify
 k - 17 scrolls of remove curse
 u - 4 scrolls of fear
 C - 6 scrolls of blinking
 D - 4 scrolls of fog
 O - 3 scrolls of amnesia
 R - 3 scrolls of silence
 U - a scroll of holy word
 Z - 2 scrolls of magic mapping
Potions
 d - 5 potions of might
 g - 3 potions of lignification
 h - 6 potions of brilliance
 m - 2 potions of berserk rage
 n - 5 potions of cancellation
 q - 14 potions of flight
 s - 4 potions of haste
 t - 10 potions of curing
 v - a potion of invisibility
 w - 2 potions of agility
 x - 2 potions of ambrosia
 B - 3 potions of resistance
 G - 5 potions of heal wounds
 I - 2 potions of magic
 J - 3 potions of mutation
Comestibles
 f - 39 rations


   Skills:
 + Level 16.7 Fighting
 * Level 23.6 Polearms
 + Level 16.9 Armour
 + Level 9.1 Dodging
 - Level 15.1 Shields
 * Level 11.7 Invocations


You had 15 spell levels left.
You knew the following spells:

 Your Spells              Type           Power        Failure   Level  Hunger
a - Blink                 Tloc           N/A          100%        2    ###....


Dungeon Overview and Level Annotations

Branches:
Dungeon (15/15)            Temple (1/1) D:7            Lair (6/6) D:9
 Shoals (0/4) Lair:3       Spider (0/4) Lair:3        Slime (0/5) Lair:5
    Orc (2/2) D:12            Elf (3/3) Orc:2        Vaults (0/5) D:14
 Depths (2/5) D:15

Altars:
Ashenzari
Cheibriados
Elyvilon
Gozag
Hepliaklqana
Kikubaaqudgha
Qazlal
Ru
Sif Muna
Trog
Vehumet
Wu Jian
Xom
Zin
The Shining One
Beogh
Jiyva

Shops:
D:5 *!*=!   Orc:2 %[(?   Depths:1 ?}*[

Portals:
Hell: Depths:1
Abyss: Depths:1

Annotations:
Elf:2 3 runed doors


Innate Abilities, Weirdness & Mutations

You reflexively headbutt those who attack you in melee.
You have a pair of horns on your head.


Message History

Aim: a juggernaut (heavily wounded, haloed)
You impale the juggernaut!!
The juggernaut is severely wounded.
Your angel hits the juggernaut with a whip of holy wrath!!
Your angel hits the juggernaut but does no damage.
The spriggan air mage gestures at you while chanting.
The bolt of lightning hits your angel.
Your angel resists.
The bolt of lightning hits you!
* * * LOW HITPOINT WARNING * * *
Unknown command.
Unknown command.
Attack whom?
Press: ? - help, Dir - move target cursor, f/p - juggernaut
Aim: a juggernaut (almost dead, haloed)
You hit the juggernaut but do no damage.
You headbutt the juggernaut.
The juggernaut is almost dead.
The juggernaut hits you!!!
You die...

#.............
############...#####.....
#.............## ##....
#............## ##...
#............# #...
#............# #...
#...........†# #...
#.......#C##(## #...
#.......@ACi..## .....#
#.......###....#####..###
#<......# #..........# ..
#.......# #..........#...
#.......###.........##...
#......[)...(.......#....
#.........))..###..##C..#
#............## #.#
#####'##.[...# .'


You could see a juggernaut, a stone giant, a spriggan air mage and a friendly
angel.

Vanquished Creatures
  A juggernaut (Depths:2)
  Saint Roka (Orc:2)
  Rupert (D:14)
  2 deep elf blademasters
  2 deep elf master archers (Elf:3)
  A sphinx (Depths:2)
  Gastronok (Lair:2)
  Agnes (Elf:1)
  A shadow dragon (Depths:2)
  9 deep elf sorcerers
  An iron dragon (Depths:2)
  A fire giant (Depths:2)
  An orc warlord (Elf:1)
  3 frost giants
  A balrug (Depths:1)
  Aizul (Depths:1)
  3 deep elf elementalists (Elf:3)
  4 very ugly things (Depths:1)
  2 stone giants
  7 deep elf demonologists
  8 deep elf annihilators (Elf:3)
  A spark wasp (Depths:2)
  A dire elephant (Lair:6)
  An ettin (Depths:1)
  10 deep elf death magi
  Snorg (Lair:4)
  A yaktaur captain (Depths:1)
  4 deep elf high priests (Elf:3)
  A rakshasa (Depths:1)
  Harold (Lair:4)
  8 hydras
  An ice dragon (Depths:1)
  4 catoblepae (Lair:6)
  Fannar (Lair:1)
  A death knight (D:15)
  2 ogre magi
  2 spriggan air magi (Depths:2)
  4 centaur warriors
  9 dancing weapons
  13 two-headed ogres
  5 death yaks (Lair:6)
  5 tengu warriors (D:15)
  2 orc high priests
  Urug (D:10)
  11 deep elf knights
  2 sun demons (Depths:1)
  Nergalle (D:12)
  A wizard (Depths:1)
  An unseen horror (D:15)
  11 deep elf archers
  A shambling mangrove (Lair:4)
  11 orc knights
  An obsidian statue (D:13)
  50 deep elf magi
  A wolf spider zombie (D:13)
  3 elephants (Lair:6)
  5 orc sorcerers
  4 ugly things
  2 manticores (Lair:6)
  4 cyclopes
  An ice statue (IceCv)
  7 black mambas
  Psyche (D:11)
  3 centaur skeletons
  A torpor snail (Lair:2)
  13 spiny frogs
  A rime drake (Lair:6)
  2 kobold demonologists (D:13)
  6 yaktaurs
  11 komodo dragons
  2 ice devils (Lair:5)
  4 tengu conjurers
  A jumping spider (Lair:3)
  17 polar bears
  3 meliai (D:13)
  2 jumping spiders (shapeshifter)
  10 trolls
  A harpy skeleton (D:15)
  A merfolk (D:12)
  3 hornets (Lair:4)
  Prince Ribbit (D:8)
  23 slime creatures
  10 hippogriffs
  Sigmund (D:4)
  A vampire (D:13)
  A tarantella (shapeshifter) (D:15)
  6 air elementals
  2 shadows
  16 humans (D:14)
  54 yaks
  10 water elementals
  A wraith (D:11)
  4 wyverns
  A steam dragon (D:10)
  4 basilisks
  2 vampire mosquitoes
  4 fire elementals
  A warg (Orc:2)
  Menkaure (D:7)
  17 water moccasins
  7 porcupines
  Duvessa (D:7)
  42 orc warriors
  2 phantoms
  5 ice beasts
  4 black bears
  A swamp drake (shapeshifter) (Depths:1)
  4 sky beasts
  2 eyes of draining (D:13)
  2 necrophages
  15 wolves
  2 hornet zombies
  14 ogres
  4 boggarts (D:15)
  13 centaurs
  17 crocodiles
  9 big kobolds
  2 gnoll sergeants
  12 bullfrogs
  Blork the orc (D:6)
  Dowan (D:7)
  2 earth elementals
  A wyvern skeleton (D:14)
  10 scorpions
  6 killer bees (D:10)
  12 wights
  An electric eel (Lair:6)
  5 bullfrog zombies
  6 crimson imps
  12 centaur zombies
  4 jellies
  8 hounds
  Crazy Yiuf (D:7)
  2 bullfrog skeletons
  34 orc priests
  An iron imp (D:13)
  Jessica (D:3)
  6 iguanas
  6 worker ants
  34 orc wizards
  2 killer bee zombies (Ossuary)
  3 hound zombies
  4 hound skeletons
  12 mummies (Ossuary)
  6 worker ant zombies
  10 gnolls
  A howler monkey skeleton (D:8)
  14 adders
  A river rat (D:6)
  4 shadow imps
  2 white imps (D:13)
  3 ufetubi (D:13)
  6 oozes
  3 adder zombies
  2 adder skeletons
  6 worms
  A dart slug (D:2)
  3 leopard geckos
  103 orcs
  7 giant cockroaches
  3 goblins
  9 hobgoblins
  17 jackals
  7 quokkas
  6 ball pythons
  12 bats
  2 frilled lizards
  A jackal skeleton (D:7)
  A jackal zombie (Ossuary)
  21 kobolds
  2 leopard gecko skeletons
  A leopard gecko zombie (Ossuary)
  A quokka skeleton (D:8)
  4 quokka zombies
  12 rats
  5 crawling corpses (Elf:3)
1099 creatures vanquished.

Vanquished Creatures (others)
  A deep elf knight (Elf:2)
  3 yaktaurs (Depths:1)
  A water elemental (Depths:1)
  A centaur (D:15)
  5 fungi (D:9)
  A plant (Lair:3)
  A withered plant (Ossuary)
13 creatures vanquished.

Grand Total: 1112 creatures vanquished

Notes
Turn   | Place    | Note
-------+----------+-------------------------------------------
     0 | D:1      | inmateoo the Minotaur Fighter began the quest for the Orb.
     0 | D:1      | Reached XP level 1. HP: 19/19 MP: 0/0
   406 | D:1      | Reached XP level 2. HP: 26/27 MP: 1/1
   558 | D:1      | Reached skill level 3 in Polearms
  1211 | D:2      | Reached XP level 3. HP: 33/33 MP: 2/2
  1563 | D:2      | Reached XP level 4. HP: 37/40 MP: 3/3
  1744 | D:2      | Found a bloodstained altar of Trog.
  2077 | D:3      | Noticed Jessica
  2080 | D:3      | Killed Jessica
  2080 | D:3      | Reached skill level 4 in Polearms
  2190 | D:3      | Reached XP level 5. HP: 30/47 MP: 4/4
  2347 | D:3      | Found a faded altar of an unknown god.
  2353 | D:3      | Became a worshipper of Elyvilon the Healer
  2353 | D:3      | Reached * piety under Elyvilon
  2557 | D:4      | Reached skill level 5 in Polearms
  2572 | D:4      | Noticed Sigmund
  2590 | D:4      | Reached XP level 6. HP: 54/55 MP: 5/5
  2732 | D:4      | Reached skill level 5 in Armour
  2732 | D:4      | Reached skill level 5 in Shields
  2733 | D:4      | Reached skill level 5 in Fighting
  2889 | D:4      | Killed Sigmund
  2889 | D:4      | Reached skill level 6 in Polearms
  2889 | D:4      | Reached XP level 7. HP: 44/61 MP: 6/6
  2908 | D:4      | Reached ** piety under Elyvilon
  3037 | D:4      | Found a sand-covered staircase.
  3044 | Ossuary  | Entered an ossuary
  3134 | Ossuary  | Reached skill level 7 in Polearms
  3385 | Ossuary  | Reached XP level 8. HP: 43/70 MP: 7/7
  3641 | Ossuary  | Reached skill level 8 in Polearms
  4042 | D:5      | Entered Level 5 of the Dungeon
  4086 | D:5      | Found a stormy altar of Qazlal.
  4107 | D:5      | Found Exusoiguta's Distillery.
  4112 | D:5      | Bought a potion of might for 44 gold pieces
  4112 | D:5      | Bought a potion of curing for 33 gold pieces
  4112 | D:5      | Bought a potion of invisibility for 88 gold pieces
  4112 | D:5      | Bought a potion of agility for 44 gold pieces
  4112 | D:5      | Bought a potion of brilliance for 44 gold pieces
  4140 | D:5      | Found Roant's Jewellery Shop.
  4211 | D:5      | Found Enkil's Assorted Antiques.
  4223 | D:5      | Found Ugasucre's Distillery.
  4244 | D:5      | Found Xoxt's General Store.
  4279 | D:5      | Reached skill level 9 in Polearms
  4693 | D:5      | Reached XP level 9. HP: 79/79 MP: 8/8
  4791 | D:6      | Noticed Blork the orc
  4803 | D:6      | Killed Blork the orc
  4823 | D:6      | Found a glowing drain.
  4847 | Sewer    | Entered a sewer
  4959 | Sewer    | Reached *** piety under Elyvilon
  5807 | D:7      | Reached skill level 10 in Polearms
  5843 | D:7      | Found a staircase to the Ecumenical Temple.
  5896 | D:7      | Noticed Duvessa
  5897 | D:7      | Noticed Dowan
  5938 | D:7      | Killed Duvessa
  5952 | D:7      | Killed Dowan
  6010 | D:7      | Noticed Menkaure
  6025 | D:7      | Killed Menkaure
  6155 | D:7      | Reached **** piety under Elyvilon
  6343 | D:7      | Found a runed door.
  6400 | D:7      | Reached skill level 11 in Polearms
  6414 | D:7      | Reached XP level 10. HP: 65/90 MP: 9/9
  6499 | D:7      | Noticed Crazy Yiuf
  6506 | D:7      | Killed Crazy Yiuf
  6792 | D:8      | Noticed Prince Ribbit
  6805 | D:8      | Killed Prince Ribbit
  6853 | D:8      | Found an opulent altar of Gozag.
  7191 | D:8      | Noticed a two-headed ogre
  7204 | D:8      | Killed a two-headed ogre
  7211 | D:8      | Reached ***** piety under Elyvilon
  7393 | D:8      | Found a white marble altar of Elyvilon.
  7396 | D:8      | Found a glowing silver altar of Zin.
  7399 | D:8      | Found a stormy altar of Qazlal.
  7942 | D:9      | Found a staircase to the Lair.
  7948 | D:9      | Got a glittering glass ring
  7958 | D:9      | Reached skill level 12 in Polearms
  7975 | D:9      | Identified the ring "Anem" {*Contam +Fly rF+++ rN+ Str+2} (You found it on level 9 of the Dungeon)
  8526 | D:10     | Entered Level 10 of the Dungeon
  8586 | D:10     | Reached XP level 11. HP: 86/99 MP: 10/10
  8641 | D:10     | Reached skill level 10 in Armour
  8692 | D:10     | Reached skill level 10 in Fighting
  8692 | D:10     | Reached skill level 10 in Shields
  8744 | D:10     | Reached skill level 13 in Polearms
  8815 | D:10     | Noticed Urug
  8838 | D:10     | Killed Urug
  9151 | D:11     | Noticed a red ugly thing
  9164 | D:11     | Killed a red ugly thing
  9251 | D:11     | Noticed Psyche
  9265 | D:11     | Killed Psyche
  9416 | D:11     | Noticed a two-headed ogre
  9428 | D:11     | Killed a two-headed ogre
  9799 | D:12     | Noticed a two-headed ogre
  9806 | D:12     | Killed a two-headed ogre
  9806 | D:12     | Reached skill level 14 in Polearms
  9895 | D:12     | Noticed a five-headed hydra
  9908 | D:12     | Killed a five-headed hydra
 10062 | D:12     | Reached XP level 12. HP: 95/110 MP: 11/11
 10388 | D:12     | Found a staircase to the Orcish Mines.
 10425 | D:12     | Noticed Nergalle
 10595 | D:12     | Killed Nergalle
 10595 | D:12     | Reached skill level 15 in Polearms
 10732 | D:12     | Reached ****** piety under Elyvilon
 10889 | D:12     | Learned a level 2 spell: Blink
 11077 | D:13     | Noticed a centaur warrior
 11087 | D:13     | Killed a centaur warrior
 11545 | D:13     | Noticed a two-headed ogre
 11560 | D:13     | Killed a two-headed ogre
 11569 | D:13     | You fall through a shaft for 2 floors!
 11569 | D:15     | Entered Level 15 of the Dungeon
 11577 | D:15     | Noticed a six-headed hydra
 11589 | D:15     | Killed a six-headed hydra
 11780 | D:15     | Noticed a two-headed ogre
 11784 | D:15     | Killed a two-headed ogre
 11869 | D:15     | Noticed a death knight
 11901 | D:15     | Noticed a tengu warrior
 11922 | D:15     | Killed a death knight
 11922 | D:15     | Reached skill level 16 in Polearms
 11922 | D:15     | Reached XP level 13. HP: 118/118 MP: 12/12
 12418 | D:15     | Found the +11 plutonium sword {*Contam Stlth-}
 12637 | D:15     | Reached skill level 17 in Polearms
 12872 | D:15     | Found a staircase to the Depths.
 13432 | D:14     | Noticed Rupert
 13447 | D:14     | Killed Rupert
 13447 | D:14     | Reached XP level 14. HP: 129/129 MP: 13/13
 13470 | D:14     | Found a gate to the Vaults.
 13813 | D:14     | Found a sacrificial altar of Ru.
 14531 | Lair:1   | Entered Level 1 of the Lair of Beasts
 14581 | Lair:1   | Noticed Fannar
 14617 | Lair:1   | Killed Fannar
 14644 | Lair:1   | Reached skill level 18 in Polearms
 14827 | Lair:1   | Found the +12 glaive of Prune {chop}
 15330 | Lair:2   | Reached skill level 1 in Dodging
 15603 | Lair:2   | Noticed Gastronok
 15622 | Lair:2   | Killed Gastronok
 16526 | Lair:3   | Found a staircase to the Shoals.
 16806 | Lair:3   | Found a hole to the Spider Nest.
 17413 | Lair:4   | Noticed Snorg
 17424 | Lair:4   | Killed Snorg
 17560 | Lair:4   | Noticed Harold
 17574 | Lair:4   | Killed Harold
 17724 | Lair:4   | Reached skill level 5 in Dodging
 18213 | Lair:4   | Reached XP level 15. HP: 118/138 MP: 10/14
 18402 | Lair:5   | Found a frozen archway.
 18452 | IceCv    | Entered an ice cave
 18997 | IceCv    | Reached skill level 19 in Polearms
 19057 | IceCv    | Noticed a frost giant
 19060 | IceCv    | Reached skill level 1 in Invocations
 19074 | IceCv    | Killed a frost giant
 19375 | IceCv    | Got a smoking glaive
 19543 | Lair:1   | You fall through a shaft!
 19693 | Temple   | Entered the Ecumenical Temple
 19787 | Temple   | Fell from the grace of Elyvilon
 19787 | Temple   | Became a worshipper of the Shining One
 19787 | Temple   | Reached * piety under the Shining One
 19787 | Temple   | Reached ** piety under the Shining One
 19787 | Temple   | Reached *** piety under the Shining One
 19954 | D:10     | Identified the +9 glaive of Sin {speed, MR+} (You found it in an ice cave)
 20158 | Lair:5   | Found a viscous altar of Jiyva.
 20158 | Lair:5   | Found a staircase to the Slime Pits.
 20793 | Lair:6   | Entered Level 6 of the Lair of Beasts
 20907 | Lair:6   | Reached **** piety under the Shining One
 20920 | Lair:6   | Identified the Tome of Damaging Necromancy
 21782 | Orc:1    | Entered Level 1 of the Orcish Mines
 22086 | Orc:2    | Entered Level 2 of the Orcish Mines
 22086 | Orc:2    | Found a staircase to the Elven Halls.
 22257 | Orc:2    | Reached ***** piety under the Shining One
 22611 | Orc:2    | Found a roughly hewn altar of Beogh.
 22624 | Orc:2    | Found Uchodgh's Food Shoppe.
 22674 | Orc:2    | Found a roughly hewn altar of Beogh.
 22712 | Orc:2    | Found a roughly hewn altar of Beogh.
 22764 | Orc:2    | Found a roughly hewn altar of Beogh.
 22832 | Orc:2    | Reached skill level 5 in Invocations
 22868 | Orc:2    | Noticed Saint Roka
 22910 | Orc:2    | Killed Saint Roka
 22910 | Orc:2    | Reached skill level 20 in Polearms
 22910 | Orc:2    | Reached skill level 15 in Armour
 22952 | Orc:2    | Found a roughly hewn altar of Beogh.
 22952 | Orc:2    | Found Imalacsi's Antique Armour Boutique.
 22960 | Orc:2    | Found Lumm's Antique Weapon Shop.
 22969 | Orc:2    | Bought a pair of brightly glowing gloves for 275 gold pieces
 22979 | Orc:2    | Identified the +2 pair of gloves "Janapine" {rC+} (You bought it in a shop on level 2 of the Orcish Mines)
 23060 | Orc:2    | Found a roughly hewn altar of Beogh.
 23071 | Orc:2    | Found Baever Zamo's Magic Scroll Emporium.
 23080 | Orc:2    | Bought a scroll of acquirement for 832 gold pieces
 23080 | Orc:2    | Bought a scroll of enchant weapon for 120 gold pieces
 23080 | Orc:2    | Bought 3 scrolls of identify for 96 gold pieces
 23080 | Orc:2    | Bought a scroll of magic mapping for 56 gold pieces
 23080 | Orc:2    | Bought a scroll of blinking for 120 gold pieces
 23189 | Elf:1    | Entered Level 1 of the Elven Halls
 23293 | Elf:1    | Reached skill level 15 in Fighting
 23293 | Elf:1    | Reached XP level 16. HP: 147/149 MP: 19/19
 23588 | Elf:1    | Noticed Agnes
 23600 | Elf:1    | Killed Agnes
 24093 | Elf:1    | Reached skill level 21 in Polearms
 24404 | Elf:2    | Reached ****** piety under the Shining One
 24595 | Elf:2    | Found a runed gate.
 24595 | Elf:2    | Found a runed gate.
 24597 | Elf:2    | Found a runed gate.
 24833 | Elf:2    | Reached skill level 15 in Shields
 24924 | Elf:2    | Identified a +4 trishula of holy wrath (a +2 antimagic demon trident blessed by the Shining One)
 24924 | Elf:2    | Received a gift from the Shining One
 25196 | Elf:2    | Reached XP level 17. HP: 157/157 MP: 22/22
 25207 | Elf:3    | Entered Level 3 of the Elven Halls
 25580 | Elf:3    | Reached skill level 22 in Polearms
 25774 | Elf:3    | Noticed a deep elf blademaster
 25775 | Elf:3    | Noticed a deep elf blademaster
 25809 | Elf:2    | Killed a deep elf blademaster
 25811 | Elf:2    | Got a warped platinum amulet
 25875 | Elf:2    | Identified the amulet "Lacul" {Reflect rF+ rN+ Int-5 SH+4} (You took it off a deep elf blademaster on level 2 of the Elven Halls)
 25966 | Elf:2    | Got a smoking chain mail
 25978 | Elf:2    | Identified the +7 chain mail "Poqublia" {Str+7 Int-5} (You took it off a deep elf blademaster on level 2 of the Elven Halls)
 25978 | Elf:2    | Lost intelligence.
 26340 | Elf:3    | Noticed a deep elf master archer
 26351 | Elf:3    | Killed a deep elf master archer
 26542 | Elf:3    | Killed a deep elf blademaster
 27018 | Elf:3    | Reached skill level 10 in Invocations
 27033 | Elf:3    | Got a faintly glowing granite ring
 27039 | Elf:3    | Identified the ring of Sarunkiane {+Inv rPois rN+ Str+2} (You took it off a deep elf sorcerer on level 3 of the Elven Halls)
 27239 | Elf:3    | Reached skill level 23 in Polearms
 27276 | Elf:3    | Noticed a deep elf master archer
 27279 | Elf:3    | Killed a deep elf master archer
 27396 | Elf:3    | Got a bound marble ring
 27397 | Elf:3    | Identified the ring of Amorality {Str+3 Int+2} (You took it off a deep elf elementalist on level 3 of the Elven Halls)
 27516 | Elf:3    | Found the +2 hat of the Bear Spirit {Spirit, +Rage rN+ MR++}
 28012 | Depths:1 | Entered Level 1 of the Depths
 28022 | Depths:1 | Found a shimmering altar of Xom.
 28109 | Depths:1 | Reached XP level 18. HP: 168/168 MP: 25/25
 28277 | Depths:1 | Found Yzew's Gadget Shop.
 28279 | Depths:1 | Found Utahuat's Armour Boutique.
 28279 | Depths:1 | Found Behodi's Magic Scroll Shop.
 28281 | Depths:1 | Noticed Aizul
 28299 | Depths:1 | Killed Aizul
 28314 | Depths:1 | Found Namom's Assorted Antiques.
 28324 | Depths:1 | Bought a scorched bone ring for 100 gold pieces
 28324 | Depths:1 | Identified the ring "Yconoeth" {rC+ Int+3 Stlth+} (You bought it in a shop on level 1 of the Depths)
 28537 | Orc:2    | Bought glowing gold dragon scales for 2407 gold pieces
 28727 | Depths:1 | Found a one-way gate to the infinite horrors of the Abyss.
 28792 | Depths:1 | Bought a scroll of enchant armour for 165 gold pieces
 28931 | Depths:1 | Found a gateway to Hell.
 29100 | Depths:2 | Found a snail-covered altar of Cheibriados.
 29121 | Depths:2 | Noticed a tentacled monstrosity
 29124 | Depths:2 | Noticed a juggernaut
 29291 | Depths:2 | Noticed a juggernaut
 29308 | Depths:2 | Killed a juggernaut
 29321 | Depths:2 | Mangled by a juggernaut

Skill      XL: |  1  2  3  4  5  6  7  8  9 10 11 12 13 14 15 16 17 18 |
---------------+-------------------------------------------------------+-----
Polearms       | 3 4 5 6 7 9 11 12 14 16 17 18 20 21 23 | 23.6
Armour         | 4 5 6 7 8 9 11 12 13 14 15 16 | 16.9
Fighting       | 4 5 6 7 8 9 11 12 13 14 15 16 | 16.7
Shields        | 4 5 6 7 8 9 11 12 13 14 15 | 15.1
Dodging        | 5 6 8 9 |  9.1
Invocations    | 5 8 10 11 | 11.7

Action                   |  1- 3 |  4- 6 |  7- 9 | 10-12 | 13-15 | 16-18 || total
-------------------------+-------+-------+-------+-------+-------+-------++-------
Melee: Trident           |   104 |   128 |   248 |   540 |  1256 |       ||  2276
       Headbutt          |    11 |    13 |    87 |   242 |   368 |   150 ||   871
       Spear             |       |       |   331 |   512 |       |       ||   843
       Glaive            |       |       |       |       |   427 |   306 ||   733
       Trishula          |       |       |       |       |       |   561 ||   561
Invok: Brand Weapon With |       |       |       |       |       |     1 ||     1
       Cleansing Flame   |       |       |       |       |       |     1 ||     1
       Summon Divine War |       |       |       |       |       |     1 ||     1
Evoke: Wand              |       |       |       |     5 |     8 |     9 ||    22
  Use: Scroll            |       |     9 |     6 |    13 |    10 |    14 ||    52
       Potion            |       |     1 |     7 |     2 |     2 |     1 ||    13
 Stab: Invisible         |       |       |     3 |     3 |       |       ||     6
  Eat: Chunk             |    10 |     5 |    10 |    15 |    18 |     3 ||    61
       Ration            |       |       |       |     1 |     4 |     5 ||    10
Armor: Scale mail        |    12 |       |       |       |       |       ||    12
       Chain mail        |    18 |       |       |       |       |       ||    18
       Plate armour      |       |    53 |   123 |   258 |   437 |   154 ||  1025
       Skin              |       |       |    44 |       |       |       ||    44
       Gold dragon scale |       |       |       |       |       |    29 ||    29
Dodge: Dodged            |    17 |    18 |    45 |   106 |   246 |   124 ||   556
Block: Shield            |    37 |    41 |   164 |   357 |   632 |   184 ||  1415
       Reflection        |       |       |       |       |    34 |    25 ||    59
